 Dungeon Crawl Stone Soup version 0.28-a0-1199-gef9e1dbd39 (webtiles) character file.

Game seed: 4433799471522978124

68 porpoise the Bolt Thrower (level 4, -6/35 HPs)
             Began as a Formicid Hunter on Dec 19, 2021.
             Mangled by Crazy Yiuf (11 damage)
             ... on level 2 of the Dungeon.
             The game lasted 00:06:32 (2653 turns).

porpoise the Bolt Thrower (Formicid Hunter)         Turns: 2653, Time: 00:06:33

Health: -6/35      AC:  8    Str: 19    XL:     4   Next: 41%
Magic:  2/4        EV:  7    Int: 10    God:
Gold:   30         SH:  0    Dex: 11    Spells: 3/3 levels left

rFire   . . .      SeeInvis +   a - +0 mace
rCold   . . .      Faith    .   (no shield)
rNeg    . . .      Spirit   .   k - +0 chain mail
rPois   .          Reflect  .   (helmet unavailable)
rElec   .          Harm     .   (no cloak)
rCorr   .          Rampage  .   (no gloves)
Will    .....                   (no boots)
Stlth   ..........              (no amulet)
HPRegen 0.11/turn               (no ring)
MPRegen 0.09/turn               (no ring)

@: mighty
A: permanent stasis, dig shafts and tunnels, antennae 3, four strong arms
a: Dig, Shaft Self


You were on level 2 of the Dungeon.
You visited 1 branch of the dungeon, and saw 4 of its levels.

You collected 30 gold pieces.

Inventory:

Hand Weapons
 a - a +0 mace (weapon)
 b - a +1 hand crossbow
Missiles
 c - 3 javelins (quivered)
 d - 68 bolts
 n - 43 stones
Armour
 k - a +0 chain mail (worn)
Wands
 l - a wand of iceblast (13)
Scrolls
 e - a scroll of brand weapon {unknown}
 g - a scroll of acquirement {unknown}
 h - a scroll of silence {unknown}
 j - a scroll of identify {unknown}
 o - a scroll of teleportation {unknown}
 p - a scroll of magic mapping {unknown}
 q - a scroll of noise {unknown}
 r - a scroll of blinking {unknown}
Potions
 i - a potion of cancellation {unknown}
 m - 2 potions of experience {unknown}


   Skills:
 + Level 3.5 Fighting
 + Level 1.2 Maces & Flails
 - Level 4.2 Crossbows
 - Level 1.9 Armour
 - Level 1.7 Dodging
 - Level 1.2 Stealth


You had 3 spell levels left.
You didn't know any spells.
Your spell library contained the following spells:

 Spells                   Type           Power      Damage    Failure   Level
 Sting                    Tmut/Pois      0%         1d3       99%         1
 Poisonous Vapours        Pois/Air       0%         N/A       100%        2
 Scorch                   Fire           0%         2d5       100%        2
 Lesser Beckoning         Tloc           0%         N/A       100%        3
 Flame Wave               Conj/Fire      0%         2d4       100%        4
 Olgreb's Toxic Radiance  Pois           0%         N/A       100%        4
 Manifold Assault         Tloc           0%         N/A       100%        5
 Summon Cactus Giant      Summ           0%         N/A       100%        6
 Blink                    Tloc           Unusable   N/A       N/A         2

Dungeon Overview and Level Annotations

Branches:
Dungeon (4/15)
 Temple: D:4-7

Altars:

Shops:
D:1 !   D:2 [

Annotations:
D:2 Crazy Yiuf
D:4 Sigmund


Innate Abilities, Weirdness & Mutations

You cannot be hasted, slowed, berserked, paralysed or teleported.
You can dig through walls and to a lower floor.
You have a pair of large antennae on your head. (SInv)
Your four strong arms can wield two-handed weapons with a shield.


Message History

There is an open door here.
You sense a monster nearby.
r - a scroll labelled JUEKO ATOST
Found a mace.
Found a runed translucent door.
Crazy Yiuf shouts!
Crazy Yiuf grits, "Iron return to song illywillydillykilly!"
You sense a monster nearby.
Okay, then.
You open the door. Crazy Yiuf hits you but does no damage.
There is an open translucent door here.
You closely miss Crazy Yiuf.
Crazy Yiuf hits you with a +3 quarterstaff of chaos.
Crazy Yiuf hits you with a +3 quarterstaff of chaos!
You hit Crazy Yiuf.
Crazy Yiuf is lightly wounded.
Crazy Yiuf screams, "Leather!
Walk ena shoe."
Crazy Yiuf completely misses you.
You completely miss Crazy Yiuf.
Crazy Yiuf is lightly wounded.
Crazy Yiuf barely misses you.
Your chain mail prevents you from hitting Crazy Yiuf.
Crazy Yiuf is lightly wounded.
Crazy Yiuf hits you with a +3 quarterstaff of chaos!
* * * LOW HITPOINT WARNING * * *
You feel your power leaking away.
Crazy Yiuf glowers.
Crazy Yiuf barely misses you.
It was a potion of might.
You feel very mighty all of a sudden.
Crazy Yiuf hits you with a +3 quarterstaff of chaos.
* * * LOW HITPOINT WARNING * * *
You feel mightier all of a sudden.
You thump Crazy Yiuf!
Crazy Yiuf is almost dead.
Crazy Yiuf barely misses you.
You barely miss Crazy Yiuf.
Crazy Yiuf is almost dead.
Crazy Yiuf hits you with a +3 quarterstaff of chaos!
You die...

##.#######.......#########...###.
#................'.......'...'...
####.#####.......#########.).###.
#.# ######### #...# #. #.# #...#
## #.####♣♣♣♣♣ #...#
#..##...♣.♣♣♣ #### #...###
##.......♣..♣#...# #.....#
#......♣♣♣♣.@g..# #.....#
##.#..♣♣ ♣♣#..)# ###...# ####♣♣
#### #...# #...# #...## #...##
#...## #...## ######


You could see Crazy Yiuf.

Vanquished Creatures
  2 adders (D:2)
  3 bats
  4 endoplasms
  5 giant cockroaches
  5 hobgoblins
  3 jackals (D:3)
  6 quokkas
  7 ball pythons
  3 frilled lizards (D:1)
  3 goblins
  A kobold (D:1)
  2 rats
44 creatures vanquished.

Notes
Turn   | Place    | Note
-------+----------+-------------------------------------------
     0 | D:1      | porpoise the Formicid Hunter began the quest for the Orb.
     0 | D:1      | Reached XP level 1. HP: 16/16 MP: 1/1
   135 | D:1      | Reached XP level 2. HP: 23/23 MP: 2/2
   139 | D:1      | Reached skill level 1 in Armour
   580 | D:1      | Found a faded altar of an unknown god.
   820 | D:1      | Found Yruqus's Distillery.
   856 | D:1      | Reached XP level 3. HP: 24/28 MP: 3/3
  1143 | D:2      | You fall into a shaft and drop 2 floors!
  1143 | D:4      | Noticed Sigmund
  1697 | D:2      | Reached XP level 4. HP: 35/35 MP: 4/4
  2186 | D:2      | Reached skill level 1 in Maces & Flails
  2191 | D:2      | Found Zushreerch's Armour Boutique.
  2641 | D:2      | Found a runed translucent door.
  2642 | D:2      | Noticed Crazy Yiuf
  2653 | D:2      | Mangled by Crazy Yiuf

Illustrated notes

Levels and vault maps discovered:
D:1:      lemuel_arrival_muddy, layout_basic, serial_shops, shop_fountains,
          shapermc_ecumenical_altar_mp_ritualfount
D:2:      layout_basic, serial_shops, shop, minmay_tetromino_i2,
          uniq_crazy_yiuf_cottage
D:3:      kennysheep_the_goblin_king, layout_basic, jmf_multi_god_temple
D:4:      layout_rooms, ashenzari_altar_1, minmay_temple_entry_trees,
          kennysheep_generic_room_9, uniq_sigmund, uniq_blork_the_orc,
          uniq_edmund, uniq_ijyb

Skill      XL: |  1  2  3  4 |
---------------+-------------+-----
Armour         | 1 |  1.9
Fighting       | 3 |  3.5
Maces & Flails | 1 |  1.2
Crossbows      | |  4.2
Dodging        | |  1.7
Stealth        | |  1.2

Action                   |  1- 3 |  4- 6 || total
-------------------------+-------+-------++-------
Melee: Short sword       |    98 |       ||    98
       Mace              |    15 |    37 ||    52
 Fire: Hand crossbow     |     2 |       ||     2
  Use: Potion            |       |     1 ||     1
Armor: Leather armour    |    13 |       ||    13
       Chain mail        |    28 |    18 ||    46
Dodge: Dodged            |    64 |    15 ||    79

Table legend: (Time is in decaauts)
 A = Elapsed time spent in this place.
 B = Non-inter-level travel time spent in this place.
 C = Inter-level travel time spent in this place.
 D = Time resting spent in this place.
 E = Time spent auto-exploring this place.
 F = Levels seen in this place.
 G = Mean time per level.
                   A        B        C        D        E       F      G
               +--------+--------+--------+--------+--------+-----+--------+
         Total |   2683 |   2635 |     48 |   1127 |   1029 |   4 |  670.8 |
       Dungeon |   2683 |   2635 |     48 |   1127 |   1029 |   4 |  670.8 |
               +--------+--------+--------+--------+--------+-----+--------+

Top non-repeatable levels by time:
     D:2: 1224 daAuts
     D:1: 1148 daAuts
     D:3: 303 daAuts
     D:4: 6 daAuts
